 Dungeon Crawl Stone Soup version 0.18.1-50-g88ac8fd (webtiles) character file.

1540 Gargoyl the Agent of Entropy (level 8, -4/61 HPs)
             Began as a Demonspawn Abyssal Knight on Sept 21, 2016.
             Was a Priest of Lugonu.
             Slain by an ogre
             ... wielding a +0 giant spiked club
              (18 damage)
             ... on level 6 of the Dungeon.
             The game lasted 00:08:56 (4874 turns).

Gargoyl the Agent of Entropy (DsAK)                 Turns: 4874, Time: 00:08:56

Health: -4/61      AC: 19    Str: 15      XL:     8   Next: 56%
Magic:  0/13       EV:  4    Int: 13      God:    Lugonu [***...]
Gold:   211        SH:  8    Dex: 13 (16) Spells: 0 memorised, 14 levels left

rFire  . . .     SeeInvis .     E - +0 war axe
rCold  . . .     Gourm    .     z - +0 plate armour
rNeg   . . .     Faith    .     o - +0 shield
rPois  .         Spirit   +     (helmet restricted)
rElec  .         Dismiss  .     b - +0 cloak (curse)
rCorr  .         Reflect  .     r - +2 pair of gloves
SustAt .         Harm     .     y - +0 pair of boots
MR     .....                    (no amulet)
Stlth  ..........               g - +3 ring of dexterity
                                h - +2 ring of evasion

@: drained, not resistant to hostile enchantments, extremely unstealthy
A: horns 2, yellow scales 1, magic shield
a: Depart the Abyss, Bend Space, Banish, Renounce Religion


You were on level 6 of the Dungeon.
You worshipped Lugonu.
Lugonu was most pleased with you.
You were very hungry.

You visited 1 branch of the dungeon, and saw 6 of its levels.
You visited the Abyss 1 time.

You collected 211 gold pieces.

Inventory:

Hand Weapons
 a - a +2 hand axe
 E - a +0 war axe (weapon)
Missiles
 f - 4 javelins (quivered)
 s - 2 tomahawks of returning
Armour
 b - a cursed +0 cloak (worn)
 o - a +0 shield (worn)
 r - a +2 pair of gloves (worn)
 y - a +0 pair of boots (worn)
 z - a +0 plate armour (worn)
Jewellery
 d - an uncursed ring of sustain attributes
 g - a +3 ring of dexterity (right hand)
 h - a +2 ring of evasion (left hand)
 i - an uncursed ring of positive energy
Wands
 e - a wand of random effects (17/48)
 C - a wand of random effects (28/48)
Scrolls
 j - a scroll of identify
 k - a scroll of amnesia
 x - 2 scrolls of teleportation
 D - a scroll of fog
Potions
 l - 2 potions of heal wounds
 m - a potion of magic {unknown}
 q - a potion of haste {unknown}
 v - a potion of flight {unknown}
 w - a potion of brilliance {unknown}
 A - a potion of cure mutation {unknown}
 B - a potion of curing {unknown}
Comestibles
 c - 3 bread rations
 n - 4 fruits
 p - 2 beef jerkies
 t - 2 slices of pizza
 u - a meat ration


   Skills:
 + Level 4.7(4.3) Fighting
 + Level 3.7(3.3) Axes
 * Level 5.2(4.8) Armour
 + Level 2.3(1.9) Dodging
 - Level 0.2(0.0) Stealth
 + Level 3.1(2.7) Shields
 * Level 3.7(3.3) Spellcasting
 * Level 5.9(5.4) Invocations


You had 14 spell levels left.
You didn't know any spells.

Dungeon Overview and Level Annotations

Branches:
Dungeon (6/15)
 Temple: D:4-7

Altars:
Ashenzari
Dithmenos
Gozag
Kikubaaqudgha
Okawaru
Trog
Xom
Yredelemnul
The Shining One

Shops:
D:5 %


Innate Abilities, Weirdness & Mutations

You have a pair of horns on your head.
You are partially covered in yellow scales (AC +2).
When hurt, damage is shared between your health and your magic reserves.


Message History

The howler monkey skeleton bites you but does no damage.
You hit the howler monkey skeleton.
You destroy the howler monkey skeleton!
Lugonu accepts your kill.
Your plate armour prevents you from hitting the ogre.
You block the ogre's attack.
You barely miss the ogre. The ogre hits you but does no damage.
You closely miss the ogre.
The ogre hits you with a giant spiked club!!
You slash the ogre!
The ogre is moderately wounded.
The ogre hits you but does no damage.
You hit the ogre but do no damage.
The ogre is moderately wounded.
The ogre hits you with a giant spiked club!
* * * LOW HITPOINT WARNING * * *
You slash the ogre!
The ogre is severely wounded.
The ogre hits you with a giant spiked club!!
You die...

##.. ....
..!..
.....
^..≈..
###..!≈.!
#@O...≈..
#)#..$≈.[
#####(#
..≈..
#.....#
....
#.#####
... #.#
.. #.# .
#.# #.#


You could see an ogre.

Vanquished Creatures
  Sigmund (D:3)
  Eustachio (D:4)
  Menkaure (D:4)
  An ice beast (D:5)
  A sky beast (D:5)
  2 ogres
  2 phantoms (D:4)
  A centaur (D:6)
  3 wights (D:6)
  A howler monkey (D:5)
  A quasit (D:6)
  A jelly (D:5)
  A hound (D:4)
  3 orc priests
  2 orc wizards
  Ijyb (D:3)
  A worker ant (D:4)
  A worker ant zombie (D:5)
  A howler monkey skeleton (D:6)
  5 adders
  An ooze (D:5)
  2 worms
  A dart slug (D:3)
  3 giant geckos
  6 orcs
  7 giant cockroaches
  7 goblins
  5 hobgoblins
  2 jackals
  8 kobolds
  A quokka (D:5)
  A ball python (D:5)
  3 bats
  6 giant newts
  A jackal skeleton (D:5)
  5 rats
90 creatures vanquished.

Notes
Turn   | Place    | Note
--------------------------------------------------------------
     0 | Abyss:1  | Gargoyl the Demonspawn Abyssal Knight began the quest for the Orb.
     0 | Abyss:1  | Reached XP level 1. HP: 18/18 MP: 2/2
     8 | Abyss:1  | Found a corrupted altar of Lugonu.
    55 | D:1      | Escaped the Abyss
   418 | D:1      | Gained mutation: You have a pair of small horns on your head. [demonic ancestry]
   418 | D:1      | Reached XP level 2. HP: 21/24 MP: 3/3
   528 | D:1      | Reached skill level 1 in Dodging
   960 | D:1      | Reached * piety under Lugonu
  1346 | D:2      | Gained mutation: You have a pair of horns on your head. [demonic ancestry]
  1346 | D:2      | Reached XP level 3. HP: 30/30 MP: 5/5
  2158 | D:2      | Gained mutation: You are partially covered in yellow scales (AC +2). [demonic ancestry]
  2158 | D:2      | Reached XP level 4. HP: 37/37 MP: 6/6
  2274 | D:3      | Noticed Sigmund
  2282 | D:3      | Killed Sigmund
  2282 | D:3      | Reached skill level 1 in Spellcasting
  2282 | D:3      | Reached XP level 5. HP: 30/42 MP: 7/7
  2758 | D:3      | Noticed Ijyb
  2778 | D:3      | Killed Ijyb
  2778 | D:3      | Reached XP level 6. HP: 46/48 MP: 9/9
  2939 | D:4      | Noticed Menkaure
  2956 | D:5      | Entered Level 5 of the Dungeon
  3069 | D:4      | Reached ** piety under Lugonu
  3069 | D:4      | Reached skill level 1 in Shields
  3185 | D:4      | Killed Menkaure
  3185 | D:4      | Gained mutation: When hurt, damage is shared between your health and your magic reserves. [demonic ancestry]
  3185 | D:4      | Reached XP level 7. HP: 22/54 MP: 10/10
  3320 | D:4      | Noticed Eustachio
  3352 | D:4      | Killed Eustachio
  3555 | D:4      | Found a bloodstained altar of Trog.
  3556 | D:4      | Found an iron altar of Okawaru.
  3836 | D:4      | Found a shattered altar of Ashenzari.
  3836 | D:4      | Found an opulent altar of Gozag.
  4195 | D:5      | Reached skill level 5 in Invocations
  4224 | D:5      | Reached XP level 8. HP: 30/61 MP: 9/12
  4517 | D:5      | Found Ysaxafuq's Food Emporium.
  4713 | D:6      | Found an ancient bone altar of Kikubaaqudgha.
  4716 | D:6      | Found a glowing golden altar of the Shining One.
  4716 | D:6      | Found a shimmering altar of Xom.
  4718 | D:6      | Found a basalt altar of Yredelemnul.
  4719 | D:6      | Found a shadowy altar of Dithmenos.
  4782 | D:6      | Reached *** piety under Lugonu
  4839 | D:6      | Reached skill level 5 in Armour
  4874 | D:6      | Slain by an ogre

Skill      XL: |  1  2  3  4  5  6  7  8 |
---------------+-------------------------+-----
Dodging        | 1 2 |  2.3
Armour         | 2 3 4 5 |  5.2
Axes           | 2 3 |  3.7
Invocations    | 3 4 5 |  5.9
Fighting       | 4 |  4.7
Spellcasting   | 1 2 3 |  3.7
Shields        | 1 2 3 |  3.1
Stealth        | |  0.2

Action                   |  1- 3 |  4- 6 |  7- 9 || total
-------------------------+-------+-------+-------++-------
Melee: Hand axe          |   104 |   104 |   117 ||   325
       Headbutt          |    11 |    25 |    29 ||    65
       War axe           |       |       |    45 ||    45
Invok: Depart the Abyss  |     1 |       |       ||     1
  Use: Scroll            |     6 |     4 |     2 ||    12
       Potion            |       |     2 |     2 ||     4
  Eat: Chunk             |     3 |     4 |     5 ||    12
Armor: Leather armour    |    12 |       |       ||    12
       Scale mail        |    29 |    34 |     6 ||    69
       Plate armour      |       |       |   168 ||   168
Dodge: Dodged            |    51 |    32 |    53 ||   136
Block: Shield            |    23 |    24 |    99 ||   146
